 Dungeon Crawl Stone Soup version 0.29-a0-314-gb00dd7cb4b (webtiles) character file.

Game seed: 16593884280461847319

2710 Ijustatesigmund the Cleaver (level 9, -3/53 HPs)
             Began as a Gargoyle Wanderer on Mar 29, 2022.
             Slain by an unseen horror (4 damage)
             ... on level 7 of the Dungeon.
             The game lasted 00:17:04 (7910 turns).

Ijustatesigmund the Cleaver (Gargoyle Wanderer)     Turns: 7910, Time: 00:17:04

Health: -3/53      AC: 19    Str: 22    XL:     9   Next: 66%
Magic:  10/10      EV:  9    Int: 20    God:
Gold:   311        SH:  0    Dex: 12    Spells: 9/10 levels left

rFire   + . .      SeeInvis .   a - +4 broad axe (elec)
rCold   + . .      Faith    .   (no shield)
rNeg    + . .      Spirit   .   c - +2 scale mail
rPois   ∞          Reflect  .   o - +1 helmet
rElec   +          Harm     .   r - scarf {rC+ rF+}
rCorr   .          Rampage  .   e - +0 pair of gloves
Will    .....                   (no boots)
Stlth   ..........              (no amulet)
HPRegen 0.17/turn               p - +6 ring of strength
MPRegen 0.12/turn               B - +6 ring of dexterity

@: no status effects
A: sickness immunity, AC +6, negative energy resistance 1, electricity
resistance, torment resistance 1, petrification resistance
a: no special abilities


You were on level 7 of the Dungeon.
You visited 2 branches of the dungeon, and saw 8 of its levels.
You also visited: Ossuary.

You collected 507 gold pieces.
You spent 196 gold pieces at shops.

Inventory:

Hand Weapons
 a - a +4 broad axe of electrocution (weapon)
 i - a +4 flail of draining
Missiles
 b - 20 poisoned darts
 n - 3 silver javelins (quivered)
Armour
 c - a +2 scale mail (worn)
 e - a +0 pair of gloves (worn)
 o - a +1 helmet (worn)
 r - a scarf of resistance (worn)
Jewellery
 p - a +6 ring of strength (left hand)
 B - a +6 ring of dexterity (right hand)
Wands
 k - a wand of polymorph (1)
 l - a wand of acid (8)
 x - a wand of flame (21)
Scrolls
 d - 2 scrolls of blinking
 j - a scroll of teleportation
 q - a scroll of fog
 s - a scroll of amnesia
 t - 2 scrolls of immolation
 y - a scroll of enchant weapon
 A - a scroll of summoning
Potions
 f - 2 potions of might
 g - 3 potions of mutation
 h - 4 potions of curing
 u - 2 potions of flight
 v - 2 potions of brilliance
 z - a potion of degeneration {unknown}


   Skills:
 + Level 4.8 Fighting
 + Level 10.5(10.7) Axes
 - Level 2.7(7.8) Maces & Flails
 - Level 1.0 Throwing
 + Level 4.9 Armour
 - Level 1.0 Spellcasting
 - Level 1.5 Transmutations
 - Level 1.0 Invocations


You had 9 spell levels left.
You knew the following spells:

 Your Spells              Type           Power      Damage    Failure   Level
a - Sting                 Tmut/Pois      16%        1d3       30%         1

Your spell library contained the following spells:

 Spells                   Type           Power      Damage    Failure   Level
 Animate Skeleton         Necr           2%         N/A       38%         1
 Pain                     Necr           4%         1d4       38%         1
 Summon Small Mammal      Summ           4%         N/A       38%         1
 Ensorcelled Hibernation  Hex/Ice        2%         N/A       54%         2
 Spider Form              Tmut/Pois      4%         N/A       67%         3
 Ignite Poison            Fire/Tmut/Pois 3%         N/A       71%         3
 Call Canine Familiar     Summ           1%         N/A       77%         3
 Mephitic Cloud           Conj/Pois/Air  1%         N/A       77%         3
 Summon Guardian Golem    Hex/Summ       1%         N/A       77%         3
 Vampiric Draining        Necr           1%         2d6       77%         3
 Anguish                  Hex/Necr       0%         N/A       99%         4
 Freezing Cloud           Conj/Ice/Air   0%         6-21      100%        5


Dungeon Overview and Level Annotations

Branches:
Dungeon (7/15)             Temple (1/1) D:7         Ossuary (visited)

Altars:
Ashenzari
Elyvilon
Fedhas
Gozag
Hepliaklqana
Kikubaaqudgha
Makhleb
Nemelex Xobeh
Okawaru
Qazlal
Sif Muna
Trog
Uskayaw
Vehumet
Wu Jian
Xom
The Shining One

Shops:
D:2 (


Innate Abilities, Weirdness & Mutations

You are immune to sickness and miasma.
Your stone body is resilient. (AC +6)
You are immune to poison.
You resist negative energy. (rN+)
You are resistant to electric shocks. (rElec)
You are resistant to unholy torment.
You are immune to petrification.


Message History

No target in view!
No target in view!
No target in view!
No target in view!
No target in view!
No target in view!
No target in view!
Something hits you but does no damage. Something hits you! Something hits you.
Something hits you but does no damage. Something hits you. x2
Something hits you but does no damage. x2
You barely miss something. Something hits you!
* * * LOW HITPOINT WARNING * * *
You swing at nothing.
Something hits you but does no damage.
You slash something!
Something hits you but does no damage. x3
You closely miss something. Something hits you but does no damage.
You feel much better. Something hits you but does no damage.
Something hits you but does no damage. Something hits you.
Something hits you but does no damage. Something hits you.
Something hits you but does no damage.
You miss something. Something hits you but does no damage.
You closely miss something. Something hits you but does no damage.
You swing at nothing.
Something hits you but does no damage. Something hits you.
You closely miss something. Something hits you but does no damage.
You swing at nothing.
Something hits you!
You slash something! Something hits you but does no damage.
You swing at nothing.
Something hits you but does no damage.
You miss something. Something hits you!
* * * LOW HITPOINT WARNING * * *
You swing at nothing.
Something hits you.
* * * LOW HITPOINT WARNING * * *
Something hits you!
* * * LOW HITPOINT WARNING * * *
You barely miss something.
Something hits you but does no damage. x2
You barely miss something. Something hits you but does no damage.
Something hits you.
You die...

##### #.....# ###..#
.....##.....## ##.(.##
......##.....## ##...##
..............## #...##
......†........# #..##
........####...# #..#
.......## #..## ##.#
###...# ##.# ##.# #...#
#@# #..# #..# #.# #.<#
#... #.# ###..# ## ..#
##.#####....#####..
##...#............#
#####.......#####....##
..........### ##...##
..#####...# #...##
##.## ##..##


There were no monsters in sight!

Vanquished Creatures
  A wyvern (D:6)
  A sky beast (D:6)
  5 black bears
  An ice beast (D:6)
  An ogre (D:7)
  A centaur (D:6)
  An elf zombie (Ossuary)
  Blork the orc (D:6)
  2 bullfrogs (D:7)
  A gnoll sergeant (D:7)
  5 scorpions
  5 wights (D:6)
  3 hounds
  A human zombie (Ossuary)
  A jelly (D:4)
  2 orc priests (D:5)
  A gnoll shaman (D:6)
  6 iguanas
  An orc wizard (D:4)
  A hound zombie (Ossuary)
  4 mummies (Ossuary)
  20 gnolls
  9 adders
  2 ufetubi
  2 adder zombies (Ossuary)
  A worm (D:2)
  A dart slug (D:2)
  7 orcs
  11 bats
  5 endoplasms
  9 giant cockroaches
  2 gnoll zombies (Ossuary)
  3 goblins
  8 hobgoblins
  6 jackals
  5 quokkas
  4 ball pythons
  4 frilled lizards
  2 goblin zombies (Ossuary)
  A hobgoblin zombie (Ossuary)
  7 kobolds
  An orc zombie (Ossuary)
  5 rats
  A rat zombie (Ossuary)
161 creatures vanquished.

Vanquished Creatures (collateral kills)
  A kobold (D:1)
1 creature vanquished.

Vanquished Creatures (others)
  A bush (D:6)
1 creature vanquished.

Grand Total: 163 creatures vanquished

Notes
Turn   | Place    | Note
-------+----------+-------------------------------------------
     0 | D:1      | Ijustatesigmund the Gargoyle Wanderer began the quest for
                  | the Orb.
     0 | D:1      | Ijustatesigmund set off with the following items: a +0
                  | dagger, 11 poisoned darts, a +2 scale mail, a potion of
                  | haste; and the following spell memorised: Sting; and the
                  | following spells available to memorise: Spider Form
     0 | D:1      | Reached XP level 1. HP: 12/12 MP: 2/2
   444 | D:1      | Reached XP level 2. HP: 8/17 MP: 3/3
  1476 | D:1      | Reached XP level 3. HP: 9/22 MP: 4/4
  1697 | D:2      | Reached skill level 1 in Maces & Flails
  2083 | D:2      | Reached XP level 4. HP: 28/28 MP: 5/5
  2477 | D:2      | Found Paril's Antique Weapon Boutique.
  2706 | D:2      | Identified the +0 robe of Suloidghe {rElec Str-3 Dex+8
                  | SInv}
  2959 | D:3      | Reached XP level 5. HP: 22/33 MP: 6/6
  3350 | D:3      | Found a faded altar of an unknown god.
  3563 | D:2      | Bought a glowing broad axe for 196 gold pieces
  3976 | D:3      | Reached skill level 1 in Axes
  4069 | D:3      | Found an iron altar of Okawaru.
  4258 | D:4      | Reached skill level 2 in Axes
  4409 | D:4      | Found a sand-covered staircase.
  4418 | Ossuary  | Entered an ossuary
  4428 | Ossuary  | Reached XP level 6. HP: 23/38 MP: 7/7
  4435 | Ossuary  | Reached skill level 3 in Axes
  4933 | Ossuary  | Reached skill level 4 in Axes
  5053 | D:4      | Found a radiant altar of Vehumet.
  5057 | D:4      | Reached XP level 7. HP: 43/43 MP: 8/8
  5398 | D:5      | Entered Level 5 of the Dungeon
  5412 | D:4      | Reached skill level 5 in Axes
  5725 | D:5      | Reached skill level 6 in Axes
  5727 | D:5      | Noticed a two-headed ogre
  5911 | D:5      | Reached XP level 8. HP: 35/48 MP: 9/9
  6075 | D:6      | Reached skill level 7 in Axes
  6343 | D:6      | Found a shimmering altar of Xom.
  6391 | D:6      | Reached skill level 8 in Axes
  6507 | D:6      | Noticed Blork the orc
  6513 | D:6      | Killed Blork the orc
  6515 | D:6      | Reached skill level 9 in Axes
  6647 | D:6      | Reached XP level 9. HP: 52/52 MP: 10/10
  6746 | D:6      | Reached skill level 10 in Axes
  7343 | D:7      | Found a staircase to the Ecumenical Temple.
  7350 | Temple   | Entered the Ecumenical Temple
  7908 | D:7      | HP: 1/53 [something (9)]
  7910 | D:7      | Slain by an unseen horror

Illustrated notes

Levels and vault maps discovered:
D:1:      ncdulo_smallfort, layout_basic
D:2:      layout_rooms, serial_shops, nicolae_shop_overgrown_old_shop,
          minmay_pentomino_q2
D:3:      layout_loops_ring, okawaru_altar_gauntlet_db,
          hellmonk_ecumenical_altar_zigzags, serial_forest,
          infiniplex_forest_clump_small, infiniplex_forest_lined_3_way,
          infiniplex_forest_clump_tiny, infiniplex_forest_pool,
          infiniplex_forest_end_2, infiniplex_forest_end_2,
          infiniplex_forest_clump_small, infiniplex_forest_lined_3_way
D:4:      layout_gridville, vehumet_altar_wand_db,
          nicolae_ossuary_entry_monument
D:5:      layout_rooms, mainiacjoe_overflow_alcove_2, chequers_hall_statues_y
D:6:      layout_cave_pools, marbit_many_paths, gup_sewer_entry_bowl,
          kb_lookout_dungeons_type, dreamdust_wishing_well, uniq_blork_the_orc
D:7:      layout_layer_cave, minmay_temple_entry_hall
Temple:   eino_temple_water

Skill      XL: |  1  2  3  4  5  6  7  8  9 |
---------------+----------------------------+-----
Fighting       | 2 3 4 |  4.8
Maces & Flails | 1 2 |  2.7
Axes           | 2 4 6 9 10 | 10.5
Throwing       | |  1.0
Armour         | |  4.9
Spellcasting   | |  1.0
Transmutations | |  1.5
Invocations    | |  1.0

Action                   |  1- 3 |  4- 6 |  7- 9 || total
-------------------------+-------+-------+-------++-------
Melee: Dagger            |    81 |       |       ||    81
       Punch             |     1 |     1 |     1 ||     3
       Whip              |    97 |    16 |       ||   113
       Flail             |       |   116 |       ||   116
       Broad axe         |       |    60 |   189 ||   249
Throw: Dart              |    28 |     8 |       ||    36
Evoke: Wand              |       |       |     1 ||     1
  Use: Scroll            |     2 |    14 |     2 ||    18
       Potion            |       |     1 |     2 ||     3
Armor: Scale mail        |   134 |   146 |   205 ||   485
Dodge: Dodged            |   103 |   140 |   149 ||   392

Table legend: (Time is in decaauts)
 A = Elapsed time spent in this place.
 B = Non-inter-level travel time spent in this place.
 C = Inter-level travel time spent in this place.
 D = Time resting spent in this place.
 E = Time spent auto-exploring this place.
 F = Levels seen in this place.
 G = Mean time per level.
                   A        B        C        D        E       F      G
               +--------+--------+--------+--------+--------+-----+--------+
         Total |   8009 |   7726 |    283 |   1921 |   4249 |   9 |  889.9 |
       Dungeon |   7196 |   6929 |    267 |   1532 |   3949 |   7 | 1028.0 |
        Temple |    224 |    209 |     15 |      0 |    199 |   1 |  224.0 |
       Ossuary |    588 |    588 |      0 |    389 |    101 |   1 |  588.0 |
               +--------+--------+--------+--------+--------+-----+--------+

Top non-repeatable levels by time:
     D:1: 1876 daAuts
     D:6: 1337 daAuts
     D:3: 1305 daAuts
     D:2: 1066 daAuts
     D:4: 1052 daAuts
 Ossuary: 588 daAuts
     D:7: 332 daAuts
     D:5: 225 daAuts
  Temple: 224 daAuts
